 Dungeon Crawl Stone Soup version 0.28-a0-730-g892d06dc2c (webtiles) character file.

Game seed: 13857134441749153754

45 cheechan the Skirmisher (level 3, -2/34 HPs)
             Began as a Naga Fighter on Oct 28, 2021.
             Slain by Terence (12 damage)
             ... on level 2 of the Dungeon.
             The game lasted 00:03:03 (935 turns).

cheechan the Skirmisher (Naga Fighter)               Turns: 935, Time: 00:03:04

Health: -2/34      AC:  4    Str: 19    XL:     3   Next: 64%
Magic:  3/3        EV:  7    Int:  8    God:
Gold:   54         SH:  4    Dex: 10    Spells: 2/2 levels left

rFire   . . .      SeeInvis +   a - +0 war axe
rCold   . . .      Faith    .   c - +0 buckler
rNeg    . . .      Spirit   .   b - +0 scale mail
rPois   +          Reflect  .   (no helmet)
rElec   .          Harm     .   (no cloak)
rCorr   .          Rampage  .   (no gloves)
Will    .....                   (no barding)
Stlth   ..........              (no amulet)
HPRegen 0.11/turn               l - ring of poison resistance
MPRegen 0.08/turn               (no ring)

@: mighty, very slow
A: AC +1, large, see invisible, deformed body, poison resistance, slowness 2,
spit poison 1, naga tail 1
a: Spit Poison


You were on level 2 of the Dungeon.
You visited 1 branch of the dungeon, and saw 2 of its levels.

You collected 54 gold pieces.

Inventory:

Hand Weapons
 a - a +0 war axe (weapon)
 j - a +0 dagger of electrocution
Missiles
 f - 43 arrows
 g - 21 poisoned darts
Armour
 b - a +0 scale mail (worn)
 c - a +0 buckler (worn)
Jewellery
 l - a ring of poison resistance (left hand)
Potions
 e - a potion of curing {unknown}
 h - 2 potions of heal wounds {unknown}
 i - a potion of ambrosia {unknown}
 k - a potion of flight {unknown}


   Skills:
 + Level 3.4 Fighting
 + Level 2.5 Axes
 + Level 2.9 Armour
 + Level 0.1 Dodging
 + Level 2.6 Shields


You had 2 spell levels left.
You didn't know any spells.
Your spell library contained the following spells:

 Spells                   Type           Power      Damage    Failure   Level
 Blade Hands              Tmut           0%         N/A       100%        5
 Irradiate                Conj/Tmut      0%         3d13      100%        5
 Dragon Form              Tmut           0%         N/A       100%        7


Dungeon Overview and Level Annotations

Branches:
Dungeon (2/15)

Altars:

Annotations:
D:2 Terence


Innate Abilities, Weirdness & Mutations

Your serpentine skin is tough. (AC +1)
You have supernaturally acute eyesight. (SInv)
Armour fits poorly on your strangely shaped body.
Your system is resistant to poisons. (rPois)
You cover ground very slowly.
You can spit poison.
You have a snake-like lower body.


Message History

You open the door.
There is an open door here.
Found a sapphire ring.
You see here a ring of poison resistance.
l - a ring of poison resistance
Found a stone staircase leading down.
l - a ring of poison resistance (left hand)
Found 21 stones.
A bat and Terence come into view.
Terence shouts!
A dart slug comes into view.
The bat hits you but does no damage. You block the bat's attack.
The bat hits you.
Abil: Spit Poison
Press: ? - help, Q - select action, (/) - cycle Shift-Dir - straight line, f - bat
Aim: a bat The splash of poison hits the bat.
The bat is poisoned.
The bat is heavily wounded.
The bat hits you but does no damage.
You kill the bat!
You have got your breath back.
Terence closely misses you.
You barely miss Terence. Terence hits you with a +0 flail.
You feel very mighty all of a sudden. Terence barely misses you.
You hit Terence but do no damage. Terence closely misses you.
Terence hits you with a +0 flail!
You barely miss Terence. Terence hits you with a +0 flail!
* * * LOW HITPOINT WARNING * * *
You slash Terence!
Terence is almost dead.
Terence barely misses you.
You closely miss Terence.
Terence is almost dead.
Terence says, "Time to say good-bye..."
Terence barely misses you. You block Terence's attack.
You closely miss Terence.
Terence is almost dead.
Terence hits you with a +0 flail!
You die...

..........#
.........#
#....w.#
#(.....###
#........#
#####..###
#w...#
#@#.>#
#@#### #.#
#.#
####.####
#.......#
##.###.##
###... #.#
#.##.###.#
#..#.#.#.#


You could see Terence and a dart slug.

Vanquished Creatures
  A worm (D:2)
  A dart slug (D:1)
  3 ball pythons
  2 bats
  7 endoplasms (D:1)
  A giant cockroach (D:1)
  A goblin (D:1)
  2 hobgoblins (D:1)
  4 jackals (D:1)
  A quokka (D:1)
  4 frilled lizards (D:1)
  3 kobolds (D:1)
  6 rats (D:1)
  4 toadstools (D:1)
40 creatures vanquished.

Notes
Turn   | Place    | Note
-------+----------+-------------------------------------------
     0 | D:1      | cheechan the Naga Fighter began the quest for the Orb.
     0 | D:1      | Reached XP level 1. HP: 21/21 MP: 1/1
   104 | D:1      | Reached XP level 2. HP: 19/28 MP: 2/2
   256 | D:1      | Reached XP level 3. HP: 25/34 MP: 3/3
   921 | D:2      | Noticed Terence
   935 | D:2      | Slain by Terence

Illustrated notes

Levels and vault maps discovered:
D:1:      ldierk_water_garden, layout_basic, minmay_misc_feat_chi
D:2:      layout_basic, serial_curves, eino_curves_02, eino_curves_02,
          eino_curves_02, eino_curves_02, hellmonk_ecumenical_altar_crossroads,
          grunt_decor_junction, grunt_decor_fettered, uniq_sigmund,
          uniq_natasha, uniq_terence

Action                   || total
-------------------------++-------
Melee: War axe           ||    95
 Abil: Spit Poison       ||     5
  Use: Scroll            ||     2
       Potion            ||     1
Armor: Scale mail        ||    37
Dodge: Dodged            ||    43
Block: Buckler           ||    19

Table legend: (Time is in decaauts)
 A = Elapsed time spent in this place.
 B = Non-inter-level travel time spent in this place.
 C = Inter-level travel time spent in this place.
 D = Time resting spent in this place.
 E = Time spent auto-exploring this place.
 F = Levels seen in this place.
 G = Mean time per level.
                   A        B        C        D        E       F      G
               +--------+--------+--------+--------+--------+-----+--------+
         Total |   1231 |   1231 |      0 |    147 |      0 |   2 |  615.5 |
       Dungeon |   1231 |   1231 |      0 |    147 |      0 |   2 |  615.5 |
               +--------+--------+--------+--------+--------+-----+--------+

Top non-repeatable levels by time:
     D:1: 933 daAuts
     D:2: 297 daAuts
